TOP OF THE 1ST |
Pawnee ParksNRec batting - Pitching for Baltimore Black Sox : RHP Kelemeneke Balun
|
Pitching: RHP Kelemeneke Balun
|
|
Batting: RHB Alan Patterson
|
0-0: Called Strike 0-1: Ball 1-1: Ball 2-1: Swinging Strike 2-2: Ball 3-2: Foul Ball, location: 2F 3-2: SINGLE (Groundball, 56D)
|
Batting: RHB Dan Vanblarcom
|
0-0: Called Strike 0-1: Ball 1-1: Fly out, F4 (Line Drive, 4)
|
Batting: RHB Sinclair Bothof
|
0-0: Foul Ball, location: 2F 0-1: Fielders Choice at 2nd, 6-4 (Groundball, 56)
|
Batting: RHB Britt Lynch
|
0-0: Ball Sinclair Bothof steals 2nd base 1-0: Called Strike 1-1: Ball 2-1: Fly out, F7 (Flyball, 7)
|
Top of the 1st over - 0 runs, 1 hit, 0 errors, 1 left on base; Pawnee 0 - Baltimore 0 |
BOTTOM OF THE 1ST |
Baltimore Black Sox batting - Pitching for Pawnee ParksNRec : RHP Aiden Dubhghall
|
Pitching: RHP Aiden Dubhghall
|
|
Batting: RHB Raúl Cicerón
|
0-0: Ground out 4-3 (Groundball, 34D)
|
Batting: RHB Armando Alvarado
|
0-0: Ball 1-0: Ball 2-0: Fly out, F8 (Line Drive, 8LD)
|
Batting: RHB Daniel Bertrand
|
0-0: Ball 1-0: Called Strike 1-1: Ball 2-1: SINGLE (Line Drive, 89M)
|
Batting: LHB Henry Madore
|
0-0: Ball 1-0: Ball Daniel Bertrand is caught stealing 2nd base
|
Bottom of the 1st over - 0 runs, 1 hit, 0 errors, 0 left on base; Pawnee 0 - Baltimore 0 |
TOP OF THE 2ND |
Pawnee ParksNRec batting - Pitching for Baltimore Black Sox : RHP Kelemeneke Balun
|
Batting: RHB Gustavo González
|
0-0: Fly out, F8 (Line Drive, 78M)
|
Batting: RHB Chad Silander
|
0-0: Foul Ball, location: 2F 0-1: Called Strike 0-2: Ball 1-2: Fly out, F8 (Flyball, 8RD)
|
Batting: LHB Elmer Hudgins
|
0-0: Called Strike 0-1: Swinging Strike 0-2: Strikes out looking
|
Top of the 2nd over - 0 runs, 0 hits, 0 errors, 0 left on base; Pawnee 0 - Baltimore 0 |
BOTTOM OF THE 2ND |
Baltimore Black Sox batting - Pitching for Pawnee ParksNRec : RHP Aiden Dubhghall
|
Batting: LHB Henry Madore
|
0-0: Ball 1-0: Fly out, F8 (Flyball, 8RXD)
|
Batting: SHB Alex Mable
|
0-0: Ball 1-0: Called Strike 1-1: Fly out, F9 (Flyball, 9S)
|
Batting: RHB Fernando Martínez
|
0-0: Ground out 5-3 (Groundball, 56)
|
Bottom of the 2nd over - 0 runs, 0 hits, 0 errors, 0 left on base; Pawnee 0 - Baltimore 0 |
TOP OF THE 3RD |
Pawnee ParksNRec batting - Pitching for Baltimore Black Sox : RHP Kelemeneke Balun
|
Batting: SHB Dave Gant
|
0-0: Called Strike 0-1: Ball 1-1: Called Strike 1-2: SINGLE (Groundball, 4S) (infield hit)
|
Batting: RHB Chip Mullaney
|
0-0: SINGLE (Flyball, 89M) Dave Gant to second Runner from 2nd tries for 3rd, SAFE, no throw
|
Batting: RHB Alan Patterson
|
0-0: Ball 1-0: Called Strike 1-1: Swinging Strike 1-2: Ground out 5-3 (Groundball, 56S) Dave Gant scores Chip Mullaney to second
|
Batting: RHB Dan Vanblarcom
|
0-0: Ball 1-0: Ground out 5-3 (Groundball, 56)
|
Batting: RHB Sinclair Bothof
|
0-0: Ball 1-0: Ball 2-0: Foul Ball, location: 2F 2-1: Foul Ball, location: 2F 2-2: Strikes out swinging
|
Top of the 3rd over - 1 run, 2 hits, 0 errors, 1 left on base; Pawnee 1 - Baltimore 0 |
BOTTOM OF THE 3RD |
Baltimore Black Sox batting - Pitching for Pawnee ParksNRec : RHP Aiden Dubhghall
|
Batting: LHB Tomás Valenzuela
|
0-0: Ball 1-0: Ball 2-0: Called Strike 2-1: Foul Ball, location: 2F 2-2: Fly out, F6 (Popup, 6MS)
|
Batting: RHB Lee Storment
|
0-0: Ball 1-0: Swinging Strike 1-1: Ball 2-1: Ball 3-1: Ground out 6-3 (Groundball, 6)
|
Batting: LHB Marcos Costa
|
0-0: Ball 1-0: Reached on error, E6 (Groundball, 6)
|
Batting: RHB Raúl Cicerón
|
0-0: Called Strike 0-1: Fly out, F7 (Flyball, 7D)
|
Bottom of the 3rd over - 0 runs, 0 hits, 1 error, 1 left on base; Pawnee 1 - Baltimore 0 |
TOP OF THE 4TH |
Pawnee ParksNRec batting - Pitching for Baltimore Black Sox : RHP Kelemeneke Balun
|
Batting: RHB Britt Lynch
|
0-0: Called Strike 0-1: Foul Ball, location: 2F 0-2: Ball 1-2: Strikes out swinging
|
Batting: RHB Gustavo González
|
0-0: Swinging Strike 0-1: Ground out U3 (Groundball, 34)
|
Batting: RHB Chad Silander
|
0-0: Ball 1-0: Ball 2-0: Ball 3-0: Called Strike 3-1: Foul Ball, location: 2F 3-2: DOUBLE (Line Drive, 7LD)
|
Batting: LHB Elmer Hudgins
|
0-0: Ball 1-0: Ground out 5-3 (Groundball, 5S)
|
Top of the 4th over - 0 runs, 1 hit, 0 errors, 1 left on base; Pawnee 1 - Baltimore 0 |
BOTTOM OF THE 4TH |
Baltimore Black Sox batting - Pitching for Pawnee ParksNRec : RHP Aiden Dubhghall
|
Batting: RHB Armando Alvarado
|
0-0: Ball 1-0: Foul Ball, location: 2F 1-1: Ball 2-1: Foul Ball, location: 2F 2-2: Fly out, F9 (Flyball, 89D)
|
Batting: RHB Daniel Bertrand
|
0-0: Foul Ball, location: 2F 0-1: Ball 1-1: Ball 2-1: Fly out, F9 (Flyball, 9LS)
|
Batting: LHB Henry Madore
|
0-0: Called Strike 0-1: Foul Ball, location: 2F 0-2: Ball 1-2: Ball 2-2: Foul Ball, location: 2F 2-2: Foul Ball, location: 2F 2-2: Foul Ball, location: 2F 2-2: Ball 3-2: Ground out 3-1 (Groundball, 34)
|
Bottom of the 4th over - 0 runs, 0 hits, 0 errors, 0 left on base; Pawnee 1 - Baltimore 0 |
TOP OF THE 5TH |
Pawnee ParksNRec batting - Pitching for Baltimore Black Sox : RHP Kelemeneke Balun
|
Batting: SHB Dave Gant
|
0-0: Ball 1-0: Foul Ball, location: 2F 1-1: Fly out, F8 (Flyball, 89D)
|
Batting: RHB Chip Mullaney
|
0-0: Ball 1-0: Foul Ball, location: 2F 1-1: SINGLE (Line Drive, 4MD)
|
Batting: RHB Alan Patterson
|
0-0: Called Strike 0-1: Foul Ball, location: 2F 0-2: DOUBLE (Line Drive, 78D) Chip Mullaney to third
|
Batting: RHB Dan Vanblarcom
|
0-0: Called Strike 0-1: SINGLE (Groundball, 56D) Chip Mullaney scores Alan Patterson to third Runner from 3rd tries for Home, SAFE, no throw
|
Batting: RHB Sinclair Bothof
|
0-0: Called Strike 0-1: Ball 1-1: Swinging Strike 1-2: Grounds into double play, 6-4-3 (Groundball, 6)
|
Top of the 5th over - 2 runs, 3 hits, 0 errors, 0 left on base; Pawnee 3 - Baltimore 0 |
BOTTOM OF THE 5TH |
Baltimore Black Sox batting - Pitching for Pawnee ParksNRec : RHP Aiden Dubhghall
|
Batting: SHB Alex Mable
|
0-0: Ball 1-0: Called Strike 1-1: Ball 2-1: Foul Ball, location: 2F 2-2: Ball 3-2: Foul Ball, location: 2F 3-2: SINGLE (Line Drive, 78S)
|
Batting: RHB Fernando Martínez
|
0-0: Called Strike 0-1: Sac Bunt - play at first, batter OUT! 2-3 Alex Mable to second
|
Batting: LHB Tomás Valenzuela
|
0-0: Ball 1-0: Ball 2-0: Ball 3-0: Base on Balls
|
Batting: RHB Lee Storment
|
0-0: Foul Ball, location: 2F 0-1: Fielders Choice at 2nd, 4-6 (Groundball, 4) Alex Mable to third
|
Batting: LHB Marcos Costa
|
0-0: Ball Pickoff Throw to First - Error! E1 Alex Mable scores Lee Storment to second 1-0: Ball Wild Pitch! Lee Storment to third 2-0: Ground out U3 (Groundball, 34)
|
Bottom of the 5th over - 1 run, 1 hit, 1 error, 1 left on base; Pawnee 3 - Baltimore 1 |
TOP OF THE 6TH |
Pawnee ParksNRec batting - Pitching for Baltimore Black Sox : RHP Kelemeneke Balun
|
Batting: RHB Britt Lynch
|
0-0: Called Strike 0-1: Foul Ball, location: 2F 0-2: Foul Ball, location: 2F 0-2: Strikes out looking
|
Batting: RHB Gustavo González
|
0-0: Ball 1-0: Fly out, F3 (Popup, 3SF)
|
Batting: RHB Chad Silander
|
0-0: Foul Ball, location: 2F 0-1: Foul Ball, location: 2F 0-2: Foul Ball, location: 2F 0-2: Strikes out looking
|
Top of the 6th over - 0 runs, 0 hits, 0 errors, 0 left on base; Pawnee 3 - Baltimore 1 |
BOTTOM OF THE 6TH |
Baltimore Black Sox batting - Pitching for Pawnee ParksNRec : RHP Aiden Dubhghall
|
Batting: RHB Raúl Cicerón
|
0-0: Called Strike 0-1: Ball 1-1: Fly out, F7 (Flyball, 7LS)
|
Batting: RHB Armando Alvarado
|
0-0: Ball 1-0: Foul Ball, location: 2F 1-1: SINGLE (Line Drive, 6MD)
|
Pitching: LHP Luis Cuero
|
|
Batting: RHB Daniel Bertrand
|
0-0: SINGLE (Groundball, 4MD) Armando Alvarado to second Runner from 2nd tries for 3rd, SAFE, no throw
|
Batting: LHB Henry Madore
|
0-0: Ball Daniel Bertrand is caught stealing 2nd base 1-0: Ball 2-0: Called Strike 2-1: Ball 3-1: Fly out, F8 (Flyball, 8LXD)
|
Bottom of the 6th over - 0 runs, 2 hits, 0 errors, 1 left on base; Pawnee 3 - Baltimore 1 |
TOP OF THE 7TH |
Pawnee ParksNRec batting - Pitching for Baltimore Black Sox : RHP Kelemeneke Balun
|
Batting: LHB Elmer Hudgins
|
0-0: Foul Ball, location: 2F 0-1: Foul Ball, location: 2F 0-2: Ball 1-2: Foul Ball, location: 2F 1-2: Foul Ball, location: 2F 1-2: Ground out 3-1 (Groundball, 34)
|
Batting: SHB Dave Gant
|
0-0: Ball 1-0: Swinging Strike 1-1: Ball 2-1: Ball 3-1: Ground out 3-1 (Groundball, 34)
|
Batting: RHB Chip Mullaney
|
0-0: Swinging Strike 0-1: Ball 1-1: Ball 2-1: Ball 3-1: Foul Ball, location: 2F 3-2: Strikes out swinging
|
Top of the 7th over - 0 runs, 0 hits, 0 errors, 0 left on base; Pawnee 3 - Baltimore 1 |
BOTTOM OF THE 7TH |
Baltimore Black Sox batting - Pitching for Pawnee ParksNRec : LHP Luis Cuero
|
Batting: SHB Alex Mable
|
0-0: Called Strike 0-1: Foul Ball, location: 2F 0-2: Foul Ball, location: 2F 0-2: Ground out 6-3 (Groundball, 6S)
|
Batting: RHB Fernando Martínez
|
0-0: Ground out 6-3 (Groundball, 6M)
|
Batting: LHB Tomás Valenzuela
|
0-0: Called Strike 0-1: Foul Ball, location: 2F 0-2: Strikes out looking
|
Bottom of the 7th over - 0 runs, 0 hits, 0 errors, 0 left on base; Pawnee 3 - Baltimore 1 |
TOP OF THE 8TH |
Pawnee ParksNRec batting - Pitching for Baltimore Black Sox : RHP Kelemeneke Balun
|
Batting: RHB Alan Patterson
|
0-0: Ball 1-0: Swinging Strike 1-1: Foul Ball, location: 2F 1-2: Strikes out swinging
|
Batting: RHB Dan Vanblarcom
|
0-0: Ball 1-0: Called Strike 1-1: Swinging Strike 1-2: SINGLE (Groundball, 34D)
|
Batting: RHB Sinclair Bothof
|
0-0: Grounds into double play, 5-4-3 (Groundball, 5)
|
Top of the 8th over - 0 runs, 1 hit, 0 errors, 0 left on base; Pawnee 3 - Baltimore 1 |
BOTTOM OF THE 8TH |
Baltimore Black Sox batting - Pitching for Pawnee ParksNRec : LHP Luis Cuero
|
Batting: RHB Lee Storment
|
0-0: Foul Ball, location: 2F 0-1: Ball 1-1: Swinging Strike 1-2: Foul Ball, location: 2F 1-2: Ball 2-2: Foul Ball, location: 2F 2-2: Strikes out swinging
|
Batting: LHB Marcos Costa
|
0-0: Ball 1-0: Ball 2-0: Ball 3-0: Called Strike 3-1: Foul Ball, location: 2F 3-2: Foul Ball, location: 2F 3-2: Foul Ball, location: 2F 3-2: Ground out 4-3 (Groundball, 4D)
|
Batting: RHB Raúl Cicerón
|
0-0: Swinging Strike 0-1: Called Strike 0-2: Ball 1-2: Ball 2-2: Ball 3-2: Base on Balls
|
Batting: RHB Armando Alvarado
|
0-0: Ball 1-0: Called Strike 1-1: Foul Ball, location: 2F 1-2: Foul Ball, location: 2F 1-2: Ball Wild Pitch! Raúl Cicerón to second 2-2: Foul Ball, location: 2F 2-2: Ground out 6-3 (Groundball, 6)
|
Bottom of the 8th over - 0 runs, 0 hits, 0 errors, 1 left on base; Pawnee 3 - Baltimore 1 |
TOP OF THE 9TH |
Pawnee ParksNRec batting - Pitching for Baltimore Black Sox : RHP Kelemeneke Balun
|
Batting: RHB Britt Lynch
|
0-0: Called Strike 0-1: Fly out, F8 (Flyball, 8LM)
|
Batting: RHB Gustavo González
|
0-0: Ball 1-0: Ground out 1-3 (Groundball, P)
|
Batting: RHB Chad Silander
|
0-0: SINGLE (Line Drive, 9S)
|
Batting: LHB Elmer Hudgins
|
Pickoff Throw to First - Out!
|
Top of the 9th over - 0 runs, 1 hit, 0 errors, 0 left on base; Pawnee 3 - Baltimore 1 |
BOTTOM OF THE 9TH |
Baltimore Black Sox batting - Pitching for Pawnee ParksNRec : LHP Luis Cuero
|
Pitching: RHP Justin Barber
|
|
Batting: RHB Daniel Bertrand
|
0-0: Ball 1-0: Ball 2-0: Swinging Strike 2-1: Ball 3-1: Foul Ball, location: 2F 3-2: Foul Ball, location: 2F 3-2: Foul Ball, location: 2F 3-2: Strikes out swinging
|
Batting: LHB Henry Madore
|
0-0: Called Strike 0-1: Fly out, F9 (Flyball, 9)
|
Batting: SHB Alex Mable
|
0-0: Fly out, F9 (Flyball, 9LSF)
|
Bottom of the 9th over - 0 runs, 0 hits, 0 errors, 0 left on base; Pawnee 3 - Baltimore 1 |
|